 Dungeon Sprint DCSS version 0.26-a0-665-gefeb406119 (webtiles) character file.

Game seed: 3977148459865959114

68866 rocky1 the Gnoll Aeon (level 15, -35/132 HPs)
             Began as a Gnoll Fighter on Oct 15, 2020.
             Was the Champion of Cheibriados.
             Killed from afar by Xtahua (42 damage)
             ... with a searing blast
             ... in the Dungeon (Sprint IX: "|||||||||||||||||||||||||||||").
             The game lasted 00:23:17 (4690 turns).

rocky1 the Gnoll Aeon (Gnoll Fighter)               Turns: 4690, Time: 00:23:18

Health: -35/132    AC: 20    Str: 41    XL:     15   Next: 28%
Magic:  34/34      EV: 33    Int: 25    God:    Cheibriados [******]
Gold:   389        SH: 27    Dex: 32    Spells: 45/45 levels left

rFire    . . .     SeeInvis +   m - +2 scimitar (freeze)
rCold    . . .     Faith    .   K - +1 tower shield
rNeg     . . .     Spirit   .   J - +3 ring mail {rPois}
rPois    +         Reflect  .   y - +1 helmet {SInv}
rElec    .         Harm     .   w - +0 cloak
rCorr    .         Rampage  .   D - +0 pair of gloves
MR       +....     NoTele   +   I - +1 pair of boots
Stlth    ++++++....             (no amulet)
HPRegen  0.32/turn              n - +3 ring of strength
MPRegen  0.24/turn              t - +4 ring of evasion

@: very slow
A: distributed training, fangs 1, strong nose
a: Bend Time, Temporal Distortion, Slouch, Step From Time, Renounce Religion


You were in the Dungeon.
You worshipped Cheibriados.
Cheibriados was exalted by your worship.
You visited 1 branch You collected 1928 gold pieces.
You spent 1539 gold pieces at shops.

Inventory:

Hand Weapons
 b - the +2 mace "Kenos" {freeze, Dex+4}
   (You bought it in a shop in the Dungeon)

   It has been specially enchanted to freeze those struck by it, causing extra
   injury to most foes and up to half again as much damage against particularly
   susceptible opponents.
   It can also slow down cold-blooded creatures.
   It affects your dexterity (+4).
 m - a +2 scimitar of freezing (weapon)
 H - a +1 vampiric demon whip
Armour
 a - a +0 pair of boots
 c - a +0 kite shield
 w - a +0 cloak (worn)
 x - the +4 chain mail "Huhun" {Str+5 Int+2}
   (You bought it in a shop in the Dungeon)

   It affects your strength (+5).
   It affects your intelligence (+2).
 y - a +1 helmet of see invisible (worn)
 D - a +0 pair of gloves (worn)
 I - a +1 pair of boots (worn)
 J - a +3 ring mail of poison resistance (worn)
 K - a +1 tower shield (worn)
Jewellery
 n - a +3 ring of strength (left hand)
 t - a +4 ring of evasion (right hand)
 E - an uncursed ring of see invisible
 F - an uncursed ring of poison resistance
 G - an uncursed ring of protection from magic
Wands
 l - a wand of iceblast (10)
 C - a wand of polymorph (6)
Scrolls
 i - 4 scrolls of remove curse
 j - 3 scrolls of blinking
 k - 2 scrolls of amnesia
 u - 11 scrolls of enchant armour
 v - 5 scrolls of enchant weapon
 z - a scroll of fog
 A - 2 scrolls of fear
 B - 2 scrolls of identify
Potions
 d - a potion of might
 e - 9 potions of curing
 f - a potion of invisibility
 g - 2 potions of heal wounds
 h - 4 potions of magic
 o - a potion of cancellation {unknown}
 p - a potion of stabbing
 q - a potion of mutation
 r - a potion of brilliance
 s - 2 potions of resistance


   Skills:
 + Level 16.6 Fighting
 + Level 15.7 Short Blades
 + Level 16.2 Long Blades
 + Level 15.7 Axes
 + Level 15.7 Maces & Flails
 + Level 15.7 Polearms
 + Level 15.7 Staves
 + Level 15.7 Slings
 + Level 15.7 Bows
 + Level 15.7 Crossbows
 + Level 15.7 Throwing
 + Level 16.6 Armour
 + Level 15.7 Dodging
 + Level 15.7 Stealth
 + Level 16.6 Shields
 + Level 15.7 Unarmed Combat
 + Level 15.7 Spellcasting
 + Level 13.5 Conjurations
 + Level 13.5 Hexes
 + Level 13.5 Summonings
 + Level 13.5 Necromancy
 + Level 13.5 Translocations
 + Level 13.5 Transmutations
 + Level 13.5 Fire Magic
 + Level 13.5 Ice Magic
 + Level 13.5 Air Magic
 + Level 13.5 Earth Magic
 + Level 13.5 Poison Magic
 + Level 16.9 Invocations
 + Level 15.7 Evocations


You had 45 spell levels left.
You didn't know any spells.
Your spell library was empty.

Dungeon Overview and Level Annotations

Branches:
Dungeon (1/1)

Altars:
Cheibriados
Dithmenos
Elyvilon
Fedhas
Gozag
Hepliaklqana
Kikubaaqudgha
Makhleb
Nemelex Xobeh
Okawaru
Qazlal
Ru
Sif Muna
Trog
Uskayaw
Vehumet
Wu Jian
Xom
Yredelemnul
Zin
The Shining One
Beogh
Jiyva
Lugonu

Shops:
D [*[?

Annotations:
D Nikola, Xtahua


Innate Abilities, Weirdness & Mutations

Your experience applies equally to all skills.
You have very sharp teeth.
Your uncanny sense of smell can sniff out nearby items.


Message History

Nikola gestures wildly while chanting.
Nikola blinks!
Xtahua the Ancient comes into view.
Nikola mumbles some strange words.
You hear a mighty clap of thunder!
The lightning arc hits you!!
The lightning arc grounds out.
Nikola casts a spell.
Nikola blinks!
Nikola completely misses you. Xtahua breathes flames at you.
The searing blast hits you!!!
* * * LOW HITPOINT WARNING * * *
You block Nikola's attack.
You slice Nikola!! You freeze Nikola.
Nikola is severely wounded.
You are engulfed in blazing flames.
* * * LOW HITPOINT WARNING * * *
Xtahua breathes flames at you. The searing blast hits you!!!
You die...

,*,*,*,*,*,*,*∆▓.▓.▓.▓'▓.▓.▓)▓)▓.
,*,*,*+*,*,*,*∆▓.▓.▓.▓.▓.▓.▓.▓)▓.
,*,*,*,*,*,*,*∆▓.▓)▓.▓.▓.▓.▓.▓=▓.
,*,*,*,*,*,*,*∆▓.▓)▓.▓)▓.▓.▓.▓∩▓)
,*,*,*,*,*,*,*∆▓.▓)▓.▓)▓.▓†▓.▓.▓.
,*,*,*,*,*,*,*∆▓.▓)▓.▓)▓.▓.▓.▓∩▓.
,*,*,*,*,*+*,*∆▓.▓)▓.▓)▓.▓.▓.▓.▓.
,*,*,*,*,*,*,*,▓@▓(▓.▓)▓.▓.▓.▓∩▓.
,*,*,*,*,*,*,*,▓@▓(▓.▓)▓.▓.▓.▓)▓.
,*,*,*,*,*,*,*,▓.▓.▓.▓.▓.▓.▓.▓∩▓.
,*,*,*,*,*,*,*∆▓.▓.▓.▓'▓)▓.▓.▓)▓.
,*,*,*,*,*,*,*∆▓.▓.▓.▓.▓.▓.▓.▓)▓.
,*,*,*,*,*,*,*∆▓.▓(▓.▓.▓.▓.▓.▓)▓.
,*,*,*,*,*∆*,*∆▓D▓)▓.▓.▓.▓)▓(▓)▓.
,*,*,*,*,*,*,*∆▓.▓)▓.▓.▓.▓.▓)▓)▓.
,*,*,*,*,*,*,*∆▓.▓)▓.▓.▓.▓.▓(▓'▓.
,*,*,*,*,*,*,*,▓.▓)▓.▓.▓.▓.▓.▓.▓.


You could see Nikola and Xtahua (catching breath).

Vanquished Creatures
  A golden dragon (D)
  2 sphinxes (D)
  Agnes (D)
  A thorn hunter (D)
  2 nagarajas (D)
  A deep elf sorcerer (D)
  3 frost giants (D)
  A vault warden (D)
  A ghost moth (D)
  An ironheart preserver (D)
  2 stone giants (D)
  A very ugly thing (D)
  A vampire knight (D)
  A spark wasp (D)
  2 ettins (D)
  A merfolk impaler (D)
  Josephine (D)
  A great orb of eyes (D)
  Erolcha (D)
  A rakshasa (D)
  A vault guard (D)
  2 ice dragons (D)
  3 hydras (D)
  A shambling mangrove (D)
  A naga warrior (D)
  A two-headed ogre (D)
  An anaconda (D)
  3 centaur warriors (D)
  A spriggan berserker (D)
  An ogre mage (D)
  A hell knight (D)
  Sonja (D)
  A skeletal warrior (D)
  3 sea snakes (D)
  A glowing orange brain (D)
  A swamp dragon (D)
  8 orc knights (D)
  An ironbrand convoker (D)
  4 ugly things (D)
  A mana viper (D)
  A necromancer (D)
  2 wolf spiders (D)
  8 orc sorcerers (D)
  2 manticores (D)
  An elephant (D)
  Joseph (D)
  3 black mambas (D)
  A vault sentinel (D)
  A water nymph (shapeshifter) (D)
  A merfolk siren (D)
  A naga mage (D)
  Psyche (D)
  A cane toad (shapeshifter) (D)
  3 cane toads (D)
  A torpor snail (D)
  5 yaktaurs (D)
  3 komodo dragons (D)
  A freezing wraith (D)
  A tengu conjurer (D)
  A demonic crawler (D)
  3 polar bears (D)
  A meliai (D)
  A troll (D)
  2 merfolk (D)
  A hornet (D)
  2 blink frogs (D)
  A slime creature (D)
  2 redbacks (D)
  2 yaks (D)
  A shadow (D)
  4 wraiths (D)
  A tarantella (D)
  A wyvern (D)
  A hog (shapeshifter) (D)
  An insubstantial wisp (D)
  2 nagas (D)
  2 water moccasins (D)
  5 black bears (D)
  2 swamp drakes (D)
  9 orc warriors (D)
  An ice beast (D)
  A centaur (D)
  A centaur (shapeshifter) (D)
  4 bullfrogs (D)
  2 scorpions (D)
  3 orc priests (D)
  3 hounds (D)
  12 orc wizards (D)
  An iguana (D)
  2 adders (D)
  An adder skeleton (D)
  An adder simulacrum (D)
  4 orcs (D)
  A bat zombie (D)
  A ball python (D)
  2 bats (D)
  2 kobolds (D)
  A quokka zombie (D)
189 creatures vanquished.

Vanquished Creatures (others)
  An insubstantial wisp (D)
1 creature vanquished.

Grand Total: 190 creatures vanquished

Notes
Turn   | Place    | Note
-------+----------+-------------------------------------------
     0 | D        | rocky1 the Gnoll Fighter began the quest for the Orb.
     0 | D        | Reached XP level 1. HP: 23/23 MP: 1/1
    15 | D        | Reached skill level 1 in Invocations
    27 | D        | Noticed a hound
    27 | D        | Noticed an ice beast
    27 | D        | Noticed a scorpion
    27 | D        | Noticed a hound
    35 | D        | Killed a hound
    35 | D        | Reached skill level 1 in Short Blades
    35 | D        | Reached skill level 1 in Axes
    35 | D        | Reached skill level 1 in Maces & Flails
    35 | D        | Reached skill level 1 in Polearms
    35 | D        | Reached skill level 1 in Staves
    35 | D        | Reached skill level 1 in Slings
    35 | D        | Reached skill level 1 in Bows
    35 | D        | Reached skill level 1 in Crossbows
    35 | D        | Reached skill level 1 in Throwing
    35 | D        | Reached skill level 1 in Dodging
    35 | D        | Reached skill level 1 in Stealth
    35 | D        | Reached skill level 1 in Unarmed Combat
    35 | D        | Reached skill level 1 in Spellcasting
    35 | D        | Reached skill level 1 in Conjurations
    35 | D        | Reached skill level 1 in Hexes
    35 | D        | Reached skill level 1 in Summonings
    35 | D        | Reached skill level 1 in Necromancy
    35 | D        | Reached skill level 1 in Translocations
    35 | D        | Reached skill level 1 in Transmutations
    35 | D        | Reached skill level 1 in Fire Magic
    35 | D        | Reached skill level 1 in Ice Magic
    35 | D        | Reached skill level 1 in Air Magic
    35 | D        | Reached skill level 1 in Earth Magic
    35 | D        | Reached skill level 1 in Poison Magic
    35 | D        | Reached skill level 1 in Evocations
    35 | D        | Reached XP level 2. HP: 17/29 MP: 2/4
    35 | D        | Reached XP level 3. HP: 21/35 MP: 2/5
    40 | D        | Killed a scorpion
    40 | D        | Reached skill level 5 in Long Blades
    40 | D        | Reached XP level 4. HP: 19/43 MP: 2/8
    61 | D        | Killed an ice beast
    61 | D        | Reached XP level 5. HP: 32/48 MP: 5/10
   188 | D        | Found a roughly hewn altar of Beogh.
   188 | D        | Found a snail-covered altar of Cheibriados.
   188 | D        | Found a shadowy altar of Dithmenos.
   188 | D        | Found a white marble altar of Elyvilon.
   188 | D        | Found a blossoming altar of Fedhas.
   188 | D        | Found an opulent altar of Gozag.
   189 | D        | Found a hazy altar of Hepliaklqana.
   190 | D        | Found a viscous altar of Jiyva.
   191 | D        | Found an ancient bone altar of Kikubaaqudgha.
   192 | D        | Became a worshipper of Cheibriados the Contemplative
   195 | D        | Found a corrupted altar of Lugonu.
   196 | D        | Found a burning altar of Makhleb.
   197 | D        | Found a sparkling altar of Nemelex Xobeh.
   198 | D        | Found an iron altar of Okawaru.
   199 | D        | Found a stormy altar of Qazlal.
   200 | D        | Found a sacrificial altar of Ru.
   201 | D        | Found a shimmering blue altar of Sif Muna.
   202 | D        | Found a bloodstained altar of Trog.
   203 | D        | Found a hide-covered altar of Uskayaw.
   204 | D        | Found a radiant altar of Vehumet.
   205 | D        | Found an ornate altar of the Wu Jian Council.
   206 | D        | Found a shimmering altar of Xom.
   207 | D        | Found a basalt altar of Yredelemnul.
   208 | D        | Found a glowing silver altar of Zin.
   209 | D        | Found a glowing golden altar of the Shining One.
   248 | D        | Noticed a troll
   253 | D        | Reached * piety under Cheibriados
   255 | D        | Reached XP level 6. HP: 56/56 MP: 10/12
   260 | D        | Killed a troll
   260 | D        | Reached skill level 5 in Short Blades
   260 | D        | Reached skill level 5 in Axes
   260 | D        | Reached skill level 5 in Maces & Flails
   260 | D        | Reached skill level 5 in Polearms
   260 | D        | Reached skill level 5 in Staves
   260 | D        | Reached skill level 5 in Slings
   260 | D        | Reached skill level 5 in Bows
   260 | D        | Reached skill level 5 in Crossbows
   260 | D        | Reached skill level 5 in Throwing
   260 | D        | Reached skill level 5 in Dodging
   260 | D        | Reached skill level 5 in Stealth
   260 | D        | Reached skill level 5 in Unarmed Combat
   260 | D        | Reached skill level 5 in Spellcasting
   260 | D        | Reached skill level 5 in Invocations
   260 | D        | Reached skill level 5 in Evocations
   260 | D        | Reached XP level 7. HP: 15/63 MP: 11/14
   262 | D        | Reached ** piety under Cheibriados
   502 | D        | Noticed a centaur warrior
   508 | D        | Killed a centaur warrior
   508 | D        | Reached *** piety under Cheibriados
   508 | D        | Reached skill level 5 in Conjurations
   508 | D        | Reached skill level 5 in Hexes
   508 | D        | Reached skill level 5 in Summonings
   508 | D        | Reached skill level 5 in Necromancy
   508 | D        | Reached skill level 5 in Translocations
   508 | D        | Reached skill level 5 in Transmutations
   508 | D        | Reached skill level 5 in Fire Magic
   508 | D        | Reached skill level 5 in Ice Magic
   508 | D        | Reached skill level 5 in Air Magic
   508 | D        | Reached skill level 5 in Earth Magic
   508 | D        | Reached skill level 5 in Poison Magic
   508 | D        | Reached XP level 8. HP: 66/71 MP: 14/17
   516 | D        | Reached **** piety under Cheibriados
   643 | D        | Noticed a black mamba
   643 | D        | Noticed a blink frog
   643 | D        | Noticed a cane toad
   643 | D        | Noticed a black mamba
   644 | D        | Noticed an eight-headed hydra
   647 | D        | Killed a black mamba
   647 | D        | Reached ***** piety under Cheibriados
   647 | D        | Reached XP level 9. HP: 77/78 MP: 19/19
   647 | D        | Noticed an elephant
   651 | D        | Noticed a cane toad
   654 | D        | Killed a cane toad
   654 | D        | Reached skill level 10 in Fighting
   654 | D        | Reached skill level 10 in Armour
   654 | D        | Reached skill level 10 in Shields
   656 | D        | Killed a black mamba
   657 | D        | Killed a cane toad
   658 | D        | Killed a nine-headed hydra
   658 | D        | Reached XP level 10. HP: 38/86 MP: 9/22
   660 | D        | Killed an elephant
   911 | D        | Noticed a cane toad
   916 | D        | Reached ****** piety under Cheibriados
   924 | D        | Reached skill level 10 in Long Blades
   941 | D        | Killed a cane toad
   941 | D        | Reached skill level 10 in Invocations
  1044 | D        | Reached XP level 11. HP: 91/93 MP: 24/24
  1196 | D        | Noticed Erolcha
  1207 | D        | Killed Erolcha
  1220 | D        | Noticed Psyche
  1229 | D        | Killed Psyche
  1295 | D        | Reached skill level 10 in Short Blades
  1295 | D        | Reached skill level 10 in Axes
  1295 | D        | Reached skill level 10 in Maces & Flails
  1295 | D        | Reached skill level 10 in Polearms
  1295 | D        | Reached skill level 10 in Staves
  1295 | D        | Reached skill level 10 in Slings
  1295 | D        | Reached skill level 10 in Bows
  1295 | D        | Reached skill level 10 in Crossbows
  1295 | D        | Reached skill level 10 in Throwing
  1295 | D        | Reached skill level 10 in Dodging
  1295 | D        | Reached skill level 10 in Stealth
  1295 | D        | Reached skill level 10 in Unarmed Combat
  1295 | D        | Reached skill level 10 in Spellcasting
  1295 | D        | Reached skill level 10 in Evocations
  1503 | D        | Noticed an orc knight
  1503 | D        | Noticed an orc knight
  1503 | D        | Noticed an orc knight
  1504 | D        | Noticed an orc knight
  1507 | D        | Noticed an orc knight
  1512 | D        | Killed an orc knight
  1513 | D        | Killed an orc knight
  1514 | D        | Killed an orc knight
  1515 | D        | Killed an orc knight
  1518 | D        | Killed an orc knight
  1518 | D        | Noticed an orc sorcerer
  1534 | D        | Killed an orc sorcerer
  1777 | D        | Found Dedd's Magic Scroll Boutique.
  1777 | D        | Noticed an orc sorcerer
  1777 | D        | Noticed an orc sorcerer
  1777 | D        | Noticed an orc sorcerer
  1781 | D        | Killed an orc sorcerer
  1781 | D        | Killed an orc sorcerer
  1781 | D        | Killed an orc sorcerer
  1782 | D        | Found Tiruikopt's Antique Armour Shop.
  1783 | D        | Noticed an orc sorcerer
  1784 | D        | Found Kaxi's Assorted Antiques.
  1785 | D        | Killed an orc sorcerer
  1785 | D        | Reached XP level 12. HP: 103/103 MP: 16/27
  1788 | D        | Found Mudit's Antique Armour Shop.
  1796 | D        | Paralysed by an orc sorcerer for 5 turns
  1858 | D        | Bought a scorched chain mail for 161 gold pieces
  1862 | D        | Bought a glowing helmet for 217 gold pieces
  1872 | D        | Identified the +4 chain mail "Huhun" {Str+5 Int+2} (You
                  | bought it in a shop in the Dungeon)
  1885 | D        | Bought an ichor-stained mace for 192 gold pieces
  1885 | D        | Bought a potion of curing for 72 gold pieces
  1885 | D        | Bought a red potion for 21 gold pieces
  1889 | D        | Bought a scroll of enchant armour for 82 gold pieces
  1889 | D        | Bought a scroll of blinking for 82 gold pieces
  1889 | D        | Bought a scroll of fog for 22 gold pieces
  1889 | D        | Bought a scroll of fear for 38 gold pieces
  1889 | D        | Bought a scroll of enchant armour for 82 gold pieces
  1889 | D        | Bought a scroll of enchant weapon for 82 gold pieces
  1889 | D        | Bought a scroll of identify for 22 gold pieces
  1893 | D        | Bought a scroll of enchant armour for 180 gold pieces
  1893 | D        | Bought a glowing long sword for 156 gold pieces
  1895 | D        | Bought a pair of gloves for 130 gold pieces
  1905 | D        | Identified the +2 mace "Kenos" {freeze, Dex+4} (You bought
                  | it in a shop in the Dungeon)
  1933 | D        | Noticed Josephine
  1945 | D        | Killed Josephine
  1979 | D        | Noticed Joseph
  1983 | D        | Noticed Sonja
  1987 | D        | Killed Joseph
  1994 | D        | Killed Sonja
  2188 | D        | Noticed a six-headed hydra
  2194 | D        | Killed a six-headed hydra
  2196 | D        | Noticed a two-headed ogre
  2206 | D        | Reached skill level 10 in Conjurations
  2206 | D        | Reached skill level 10 in Hexes
  2206 | D        | Reached skill level 10 in Summonings
  2206 | D        | Reached skill level 10 in Necromancy
  2206 | D        | Reached skill level 10 in Translocations
  2206 | D        | Reached skill level 10 in Transmutations
  2206 | D        | Reached skill level 10 in Fire Magic
  2206 | D        | Reached skill level 10 in Ice Magic
  2206 | D        | Reached skill level 10 in Air Magic
  2206 | D        | Reached skill level 10 in Earth Magic
  2206 | D        | Reached skill level 10 in Poison Magic
  2208 | D        | Noticed a rakshasa
  2218 | D        | Killed a two-headed ogre
  2230 | D        | Killed a rakshasa
  2313 | D        | Noticed an ice dragon
  2335 | D        | Killed an ice dragon
  2469 | D        | Noticed Agnes
  2481 | D        | Killed Agnes
  2481 | D        | Reached XP level 13. HP: 88/112 MP: 29/29
  2544 | D        | Noticed a thorn hunter
  2567 | D        | Killed a thorn hunter
  2916 | D        | Noticed a merfolk impaler
  2949 | D        | Killed a merfolk impaler
  3245 | D        | Noticed a spark wasp
  3245 | D        | Noticed a ghost moth
  3251 | D        | Killed a ghost moth
  3266 | D        | Killed a spark wasp
  3514 | D        | Noticed a nagaraja
  3516 | D        | Noticed a nagaraja
  3528 | D        | Killed a nagaraja
  3536 | D        | Killed a nagaraja
  3562 | D        | Reached XP level 14. HP: 57/121 MP: 31/31
  3893 | D        | Noticed a cyan very ugly thing
  3901 | D        | Noticed a golden dragon
  3905 | D        | Killed a red very ugly thing
  3905 | D        | Reached skill level 15 in Fighting
  3905 | D        | Reached skill level 15 in Armour
  3905 | D        | Reached skill level 15 in Shields
  3906 | D        | Reached skill level 15 in Invocations
  3908 | D        | Noticed a frost giant
  3911 | D        | Noticed a frost giant
  3914 | D        | Killed a golden dragon
  3923 | D        | HP: 3/123 [frost giant/bolt of cold (33)]
  3928 | D        | Killed a frost giant
  3942 | D        | Killed a frost giant
  3942 | D        | Noticed a frost giant
  3949 | D        | Reached skill level 15 in Long Blades
  3960 | D        | Killed a frost giant
  3976 | D        | Noticed a stone giant
  3999 | D        | Killed a stone giant
  4257 | D        | Noticed an ironheart preserver
  4257 | D        | Noticed a sphinx
  4268 | D        | Killed a sphinx
  4269 | D        | Killed an ironheart preserver
  4270 | D        | Reached skill level 15 in Short Blades
  4270 | D        | Reached skill level 15 in Axes
  4270 | D        | Reached skill level 15 in Maces & Flails
  4270 | D        | Reached skill level 15 in Polearms
  4270 | D        | Reached skill level 15 in Staves
  4270 | D        | Reached skill level 15 in Slings
  4270 | D        | Reached skill level 15 in Bows
  4270 | D        | Reached skill level 15 in Crossbows
  4270 | D        | Reached skill level 15 in Throwing
  4270 | D        | Reached skill level 15 in Dodging
  4270 | D        | Reached skill level 15 in Stealth
  4270 | D        | Reached skill level 15 in Unarmed Combat
  4270 | D        | Reached skill level 15 in Spellcasting
  4270 | D        | Reached skill level 15 in Evocations
  4313 | D        | Noticed a deep elf sorcerer
  4313 | D        | Noticed a sphinx
  4313 | D        | Noticed a vampire knight
  4316 | D        | Killed a vampire knight
  4316 | D        | Reached XP level 15. HP: 94/131 MP: 21/34
  4316 | D        | Killed a deep elf sorcerer
  4316 | D        | Paralysed by a sphinx for 2 turns
  4324 | D        | Killed a sphinx
  4516 | D        | Noticed a vault warden
  4545 | D        | Killed a vault warden
  4681 | D        | Noticed Nikola
  4688 | D        | Noticed Xtahua
  4690 | D        | HP: 6/132 [Xtahua] (1)]
  4690 | D        | Killed from afar by Xtahua

Illustrated notes

Levels and vault maps discovered:
D:        linesprint [early_d, line_temple, items_1, d_10, items_2, lair_1,
          lair_end, items_3, orc_1, orc_end, items_4, d_15, swamp_1, shoals_1,
          snake_1, spider_1, d_20, vaults_1, items_5, swamp_end, shoals_end,
          snake_end, spider_end, vaults_end, d_27, items_6, zot_1, zot_end,
          crypt_end, forest_end, elf_end, slime_end, tomb_end, abyss_end,
          pan_hell_end]

Skill      XL: |  1  2  3  4  5  6  7  8  9 10 11 12 13 14 15 |
---------------+----------------------------------------------+-----
Invocations    | 2 3 4 5 7 9 10 11 13 14 16 | 16.9
Short Blades   | 1 2 3 4 5 6 7 8 9 11 12 13 15 | 15.7
Axes           | 1 2 3 4 5 6 7 8 9 11 12 13 15 | 15.7
Maces & Flails | 1 2 3 4 5 6 7 8 9 11 12 13 15 | 15.7
Polearms       | 1 2 3 4 5 6 7 8 9 11 12 13 15 | 15.7
Staves         | 1 2 3 4 5 6 7 8 9 11 12 13 15 | 15.7
Slings         | 1 2 3 4 5 6 7 8 9 11 12 13 15 | 15.7
Bows           | 1 2 3 4 5 6 7 8 9 11 12 13 15 | 15.7
Crossbows      | 1 2 3 4 5 6 7 8 9 11 12 13 15 | 15.7
Throwing       | 1 2 3 4 5 6 7 8 9 11 12 13 15 | 15.7
Dodging        | 1 2 3 4 5 6 7 8 9 11 12 13 15 | 15.7
Stealth        | 1 2 3 4 5 6 7 8 9 11 12 13 15 | 15.7
Unarmed Combat | 1 2 3 4 5 6 7 8 9 11 12 13 15 | 15.7
Spellcasting   | 1 2 3 4 5 6 7 8 9 11 12 13 15 | 15.7
Conjurations   | 1 2 3 4 5 7 8 9 10 11 13 | 13.5
Hexes          | 1 2 3 4 5 7 8 9 10 11 13 | 13.5
Summonings     | 1 2 3 4 5 7 8 9 10 11 13 | 13.5
Necromancy     | 1 2 3 4 5 7 8 9 10 11 13 | 13.5
Translocations | 1 2 3 4 5 7 8 9 10 11 13 | 13.5
Transmutations | 1 2 3 4 5 7 8 9 10 11 13 | 13.5
Fire Magic     | 1 2 3 4 5 7 8 9 10 11 13 | 13.5
Ice Magic      | 1 2 3 4 5 7 8 9 10 11 13 | 13.5
Air Magic      | 1 2 3 4 5 7 8 9 10 11 13 | 13.5
Earth Magic    | 1 2 3 4 5 7 8 9 10 11 13 | 13.5
Poison Magic   | 1 2 3 4 5 7 8 9 10 11 13 | 13.5
Evocations     | 1 2 3 4 5 6 7 8 9 11 12 13 15 | 15.7
Fighting       | 7 8 9 10 11 12 13 14 16 | 16.6
Long Blades    | 5 6 7 8 9 10 11 13 14 15 16 | 16.2
Armour         | 7 8 9 10 11 12 13 14 16 | 16.6
Shields        | 7 8 9 10 11 12 13 14 16 | 16.6

Action                   |  1- 3 |  4- 6 |  7- 9 | 10-12 | 13-15 || total
-------------------------+-------+-------+-------+-------+-------++-------
Melee: Long sword        |    25 |    35 |       |       |       ||    60
       Bite              |     4 |     3 |     9 |    56 |    91 ||   163
       Scimitar          |       |    11 |    34 |   229 |   358 ||   632
       Mace              |       |       |       |     5 |       ||     5
       Unarmed           |       |       |       |     2 |       ||     2
Invok: Slouch            |       |       |     2 |     9 |     8 ||    19
  Use: Potion            |       |     1 |       |       |     6 ||     7
       Scroll            |       |       |       |     1 |       ||     1
 Stab: Sleeping          |       |       |       |     4 |     1 ||     5
Armor: Scale mail        |     6 |    10 |     9 |    12 |       ||    37
       Ring mail         |       |       |       |     7 |    20 ||    27
       Chain mail        |       |       |       |     4 |       ||     4
Dodge: Dodged            |     5 |    14 |    25 |   110 |   138 ||   292
Block: Kite shield       |    19 |    29 |    31 |    89 |       ||   168
       Tower shield      |       |       |       |    71 |   317 ||   388
       Rpst.: Long sword |     4 |     1 |       |       |       ||     5
       Scimitar          |       |     1 |     6 |    13 |    18 ||    38

Table legend: (Time is in decaauts)
 A = Elapsed time spent in this place.
 B = Non-inter-level travel time spent in this place.
 C = Inter-level travel time spent in this place.
 D = Time resting spent in this place.
 E = Time spent auto-exploring this place.
 F = Levels seen in this place.
 G = Mean time per level.
                   A        B        C        D        E       F      G
               +--------+--------+--------+--------+--------+-----+--------+
         Total |   5562 |   5562 |      0 |   2776 |      0 |   1 | 5562.0 |
       Dungeon |   5562 |   5562 |      0 |   2776 |      0 |   1 | 5562.0 |
               +--------+--------+--------+--------+--------+-----+--------+

Top non-repeatable levels by time:
       D: 5562 daAuts
